[ AOE2 MATCH · #472208388 ]
Team RMInca vs Goths
[ REPLAY ANALYSIS · EXTRACTED FROM THE RECORDED GAME ]
Feudal
16:03
Castle
20:47
Imperial
47:42
| APM avg | 36.4 |
| APM peak | 72 |
| eAPM avg | 13.7 |
| Villagers / military | 134 / 125 |
Focus
⚔️ 23.8% · 🌾 76.2%
Archer ×108 · Trade Cog ×15 · Fishing Ship ×13 · Galley ×7 · Skirmisher ×5 · Monk ×3
Feudal
16:17
Castle
25:58
Imperial
50:10
| APM avg | 26.6 |
| APM peak | 59 |
| eAPM avg | 11.3 |
| Villagers / military | 69 / 64 |
Focus
⚔️ 18.3% · 🌾 81.7%
Militia ×26 · Scout Cavalry ×14 · Konnik ×13 · Fishing Ship ×9 · Trade Cart ×7 · Battering Ram ×6
Feudal
14:48
Castle
23:12
Imperial
—
| APM avg | 11.1 |
| APM peak | 33 |
| eAPM avg | 8.1 |
| Villagers / military | 56 / 52 |
Focus
⚔️ 23.3% · 🌾 76.7%
Spearman ×44 · Fishing Ship ×8 · Mangonel ×4 · Woad Raider ×4
Feudal
17:27
Castle
34:40
Imperial
—
| APM avg | 16.2 |
| APM peak | 42 |
| eAPM avg | 11.7 |
| Villagers / military | 106 / 38 |
Focus
⚔️ 14.3% · 🌾 85.7%
Knight ×19 · Scout Cavalry ×11 · Militia ×5 · Battering Ram ×3
Feudal
14:48
Castle
19:33
Imperial
45:46
| APM avg | 54.3 |
| APM peak | 157 |
| eAPM avg | 17.0 |
| Villagers / military | 51 / 52 |
Focus
⚔️ 46.4% · 🌾 53.6%
Cavalry Archer ×42 · Mangonel ×4 · Bombard Cannon ×3 · Trade Cart ×3 · Militia ×1 · Monk ×1
Feudal
15:14
Castle
20:10
Imperial
—
| APM avg | 25.0 |
| APM peak | 72 |
| eAPM avg | 15.4 |
| Villagers / military | 85 / 88 |
Focus
⚔️ 35.2% · 🌾 64.8%
Archer ×55 · Skirmisher ×25 · Fishing Ship ×11 · Unknown (1959) ×8 · Trade Cog ×6 · Unknown (1944) ×5
Match map
Initial resources + every placement click. Lines = walls · curves = elevation contours. ◆ gold · ⬟ stone · ● berries · ✦ relic · ◌ wall gap
Your base· Open — 4t gap
mdv.-'s base· Open — 14t gap
Calimehtar's base· Open — 7t gap
Vans's base· Open — 3t gap
Alato's base· Open — 4t gap
[FCH] Hothir's base· Open — 9t gap
Smoothed initial terrain · ◌ = detected wall gap · hover for details
Inputs per minute
— Sir Loinsteak - - mdv.-
Build order — Sir Loinsteak
First 150 of 298 actions detected
| 0:21 | Build | House |
| 0:58 | Build | Town Center |
| 2:21 | Build | Dock |
| 2:54 | Create | Villager (Male) |
| 2:54 | Create | Villager (Male) |
| 2:55 | Create | Villager (Male) |
| 2:55 | Create | Villager (Male) |
| 2:55 | Create | Villager (Male) |
| 2:55 | Create | Villager (Male) |
| 4:38 | Create | Fishing Ship |
| 4:38 | Create | Fishing Ship |
| 4:41 | Research | Loom |
| 5:13 | Create | Fishing Ship |
| 5:13 | Create | Fishing Ship |
| 5:14 | Create | Fishing Ship |
| 5:14 | Create | Villager (Male) |
| 5:14 | Create | Villager (Male) |
| 5:33 | Create | Fishing Ship |
| 5:33 | Create | Fishing Ship |
| 6:02 | Create | Fishing Ship |
| 6:02 | Create | Fishing Ship |
| 6:23 | Create | Villager (Male) |
| 6:23 | Create | Villager (Male) |
| 6:25 | Create | Fishing Ship |
| 6:53 | Build | House |
| 7:08 | Create | Villager (Male) |
| 7:09 | Create | Villager (Male) |
| 7:09 | Create | Villager (Male) |
| 7:41 | Create | Fishing Ship |
| 7:51 | Create | Villager (Male) |
| 7:52 | Create | Villager (Male) |
| 8:13 | Create | Fishing Ship |
| 8:28 | Create | Villager (Male) |
| 8:28 | Create | Villager (Male) |
| 8:37 | Create | Villager (Male) |
| 8:37 | Create | Villager (Male) |
| 8:37 | Create | Villager (Male) |
| 8:45 | Build | Barracks |
| 8:58 | Create | Villager (Male) |
| 8:59 | Create | Villager (Male) |
| 9:21 | Create | Fishing Ship |
| 9:32 | Create | Villager (Male) |
| 9:33 | Create | Villager (Male) |
| 10:03 | Build | House |
| 10:06 | Build | House |
| 10:22 | Create | Villager (Male) |
| 10:22 | Create | Villager (Male) |
| 10:22 | Create | Villager (Male) |
| 10:22 | Create | Villager (Male) |
| 10:23 | Create | Villager (Male) |
| 10:24 | Create | Villager (Male) |
| 10:24 | Create | Villager (Male) |
| 11:18 | Build | Settlement |
| 11:33 | Create | Villager (Male) |
| 11:34 | Create | Villager (Male) |
| 11:34 | Create | Villager (Male) |
| 11:34 | Create | Villager (Male) |
| 12:12 | Create | Villager (Male) |
| 12:13 | Create | Villager (Male) |
| 12:13 | Create | Villager (Male) |
| 12:13 | Create | Villager (Male) |
| 12:42 | Build | Dock |
| 12:55 | Create | Unit 2550 |
| 12:56 | Create | Unit 2550 |
| 13:18 | Create | Villager (Male) |
| 13:53 | Research | Feudal Age |
| 14:41 | Create | Villager (Male) |
| 14:41 | Create | Villager (Male) |
| 15:37 | Create | Villager (Male) |
| 15:37 | Create | Villager (Male) |
| 16:03 | Age | Feudal Age |
| 16:15 | Build | Archery Range |
| 16:29 | Build | Market |
| 16:34 | Create | Villager (Male) |
| 16:34 | Create | Villager (Male) |
| 17:19 | Create | Spearman |
| 17:19 | Create | Spearman |
| 17:22 | Create | Skirmisher |
| 17:31 | Build | Settlement |
| 17:50 | Research | Double-Bit Axe |
| 18:08 | Research | Castle Age |
| 18:12 | Build | Settlement |
| 18:27 | Create | Archer |
| 18:28 | Create | Archer |
| 18:28 | Create | Archer |
| 18:28 | Create | Archer |
| 19:35 | Create | Trade Cog |
| 19:36 | Create | Trade Cog |
| 19:55 | Create | Archer |
| 19:55 | Create | Archer |
| 19:56 | Create | Archer |
| 19:56 | Create | Archer |
| 19:56 | Create | Archer |
| 20:33 | Create | Villager (Male) |
| 20:34 | Create | Villager (Male) |
| 20:37 | Research | Horse Collar |
| 20:47 | Age | Castle Age |
| 20:58 | Create | Villager (Male) |
| 20:59 | Create | Villager (Male) |
| 20:59 | Create | Villager (Male) |
| 21:28 | Research | Crossbowman (upgrade) |
| 21:56 | Build | Blacksmith |
| 22:02 | Create | Villager (Male) |
| 22:02 | Create | Villager (Male) |
| 22:18 | Create | Villager (Male) |
| 22:18 | Create | Villager (Male) |
| 22:19 | Create | Villager (Male) |
| 22:22 | Create | Archer |
| 22:22 | Create | Archer |
| 22:23 | Create | Archer |
| 22:23 | Create | Archer |
| 22:23 | Create | Archer |
| 22:23 | Create | Archer |
| 22:23 | Create | Archer |
| 23:19 | Create | Archer |
| 23:19 | Create | Archer |
| 23:19 | Create | Archer |
| 24:28 | Research | Fletching |
| 24:29 | Research | Padded Archer Armor |
| 24:38 | Build | Siege Workshop |
| 24:45 | Build | Monastery |
| 24:55 | Build | Settlement |
| 25:07 | Create | Trade Cog |
| 25:08 | Create | Trade Cog |
| 25:08 | Create | Trade Cog |
| 25:08 | Create | Trade Cog |
| 25:18 | Create | Villager (Male) |
| 25:19 | Create | Villager (Male) |
| 25:19 | Create | Villager (Male) |
| 25:54 | Research | Elite Skirmisher (upgrade) |
| 25:55 | Create | Skirmisher |
| 25:55 | Create | Skirmisher |
| 26:37 | Build | Settlement |
| 26:39 | Create | Monk |
| 26:40 | Create | Monk |
| 27:09 | Build | Castle |
| 27:12 | Build | Settlement |
| 27:15 | Create | Villager (Male) |
| 27:15 | Create | Villager (Male) |
| 27:15 | Create | Villager (Male) |
| 27:21 | Research | Wheelbarrow |
| 27:21 | Research | Wheelbarrow |
| 27:27 | Create | Villager (Male) |
| 27:27 | Create | Villager (Male) |
| 27:56 | Research | Caravan |
| 28:23 | Create | Skirmisher |
| 28:23 | Create | Skirmisher |
| 29:04 | Build | Castle |
| 29:13 | Build | House |
| 29:16 | Build | House |
Build order — mdv.-
First 150 of 237 actions detected
| 0:30 | Build | Town Center |
| 2:15 | Build | House |
| 2:17 | Build | House |
| 2:32 | Create | Villager (Male) ×4 |
| 2:36 | Research | Loom |
| 3:39 | Build | Lumber Camp |
| 3:41 | Create | Villager (Male) |
| 4:32 | Create | Villager (Male) |
| 5:06 | Create | Villager (Male) |
| 5:20 | Create | Villager (Male) |
| 5:42 | Create | Villager (Male) |
| 6:06 | Create | Villager (Male) |
| 6:23 | Build | Mill |
| 7:48 | Create | Villager (Male) |
| 8:01 | Create | Villager (Male) |
| 8:22 | Build | House |
| 8:23 | Build | House |
| 8:58 | Create | Villager (Male) |
| 8:58 | Create | Villager (Male) |
| 9:33 | Create | Villager (Male) |
| 10:24 | Create | Villager (Male) |
| 10:25 | Create | Villager (Male) |
| 10:27 | Create | Villager (Male) |
| 11:08 | Build | Dock |
| 11:56 | Create | Villager (Male) |
| 11:58 | Create | Villager (Male) |
| 12:01 | Create | Fishing Ship |
| 12:02 | Create | Fishing Ship |
| 12:02 | Create | Fishing Ship |
| 12:02 | Create | Fishing Ship |
| 12:03 | Create | Fishing Ship |
| 12:24 | Build | Mining Camp |
| 14:07 | Research | Feudal Age |
| 14:14 | Build | House |
| 14:16 | Build | House |
| 14:18 | Build | House |
| 14:26 | Build | Barracks |
| 15:23 | Build | Palisade Gate |
| 15:30 | Build | Palisade Wall |
| 16:17 | Age | Feudal Age |
| 16:24 | Build | Market |
| 16:30 | Build | Blacksmith |
| 16:34 | Create | Villager (Male) |
| 16:35 | Create | Villager (Male) |
| 16:53 | Build | Barracks |
| 16:59 | Create | Militia |
| 16:59 | Create | Militia |
| 16:59 | Create | Militia |
| 16:59 | Create | Militia |
| 17:00 | Create | Militia |
| 17:00 | Create | Militia |
| 17:00 | Create | Militia |
| 17:07 | Create | Villager (Male) |
| 17:16 | Create | Fishing Ship |
| 17:16 | Create | Fishing Ship |
| 17:39 | Build | Stable |
| 17:44 | Create | Villager (Male) |
| 17:53 | Build | Farm |
| 17:55 | Create | Villager (Male) |
| 18:19 | Build | Gate |
| 18:28 | Build | Stone Wall |
| 18:37 | Build | Farm |
| 18:41 | Research | Scale Mail Armor |
| 18:42 | Research | Forging |
| 18:45 | Build | Farm |
| 18:47 | Create | Villager (Male) |
| 18:48 | Create | Villager (Male) |
| 18:49 | Create | Fishing Ship |
| 18:49 | Create | Fishing Ship |
| 18:52 | Research | Tech 906 |
| 18:58 | Build | House |
| 19:01 | Build | House |
| 19:03 | Build | House |
| 19:11 | Create | Scout Cavalry |
| 19:26 | Build | Farm |
| 19:31 | Create | Villager (Male) |
| 19:39 | Build | Farm |
| 19:41 | Build | Farm |
| 19:46 | Build | Farm |
| 20:03 | Build | Stone Wall |
| 21:11 | Build | House |
| 21:16 | Build | Farm |
| 21:18 | Build | Farm |
| 21:20 | Build | Farm |
| 21:41 | Build | Mining Camp |
| 21:47 | Build | Stone Wall |
| 21:48 | Build | Stone Wall |
| 21:55 | Build | House |
| 22:06 | Create | Demolition Raft |
| 23:06 | Create | Demolition Raft |
| 23:07 | Create | Demolition Raft |
| 23:07 | Create | Demolition Raft |
| 23:18 | Research | Castle Age |
| 23:23 | Build | House |
| 24:31 | Build | Farm |
| 25:58 | Age | Castle Age |
| 26:01 | Build | Town Center |
| 26:04 | Create | Villager (Male) |
| 26:04 | Create | Villager (Male) |
| 26:05 | Create | Villager (Male) |
| 26:22 | Build | Castle |
| 27:14 | Build | Farm |
| 27:17 | Create | Villager (Male) |
| 27:17 | Create | Villager (Male) |
| 27:18 | Create | Villager (Male) |
| 27:18 | Create | Villager (Male) |
| 28:20 | Create | Villager (Male) |
| 28:20 | Create | Villager (Male) |
| 28:20 | Create | Villager (Male) |
| 28:24 | Research | Town Watch |
| 28:25 | Research | Wheelbarrow |
| 28:48 | Build | Siege Workshop |
| 28:54 | Create | Villager (Male) |
| 28:55 | Create | Villager (Male) |
| 28:55 | Create | Villager (Male) |
| 28:58 | Create | Villager (Male) |
| 28:58 | Create | Villager (Male) |
| 30:44 | Create | Battering Ram |
| 30:45 | Create | Battering Ram |
| 30:45 | Create | Battering Ram |
| 30:53 | Build | Lumber Camp |
| 31:15 | Create | Militia ×5 |
| 31:16 | Create | Militia ×3 |
| 31:25 | Build | Mining Camp |
| 31:29 | Build | Farm |
| 32:01 | Create | Villager (Male) |
| 32:19 | Create | Villager (Male) |
| 32:20 | Create | Villager (Male) |
| 32:27 | Create | Villager (Male) |
| 32:27 | Create | Villager (Male) |
| 32:31 | Build | Farm |
| 32:57 | Build | Farm |
| 32:58 | Create | Villager (Male) |
| 33:02 | Build | Farm |
| 33:10 | Create | Battering Ram |
| 33:11 | Create | Battering Ram |
| 33:11 | Create | Battering Ram |
| 33:46 | Build | Farm |
| 33:47 | Build | Farm |
| 33:50 | Build | Farm |
| 34:33 | Build | Farm |
| 34:35 | Create | Villager (Male) |
| 34:36 | Create | Villager (Male) |
| 35:27 | Build | Farm |
| 35:29 | Create | Villager (Male) |
| 35:29 | Create | Villager (Male) |
| 35:31 | Research | Double-Bit Axe |
| 35:33 | Create | Villager (Male) |
| 35:33 | Create | Villager (Male) |
| 35:40 | Build | Stone Wall |
Build order — Calimehtar
First 150 of 211 actions detected
| 0:05 | Build | House |
| 0:08 | Build | House |
| 0:14 | Build | Dock |
| 0:55 | Build | Town Center |
| 3:22 | Create | Villager (Male) |
| 3:22 | Create | Villager (Male) |
| 3:22 | Create | Villager (Male) |
| 3:22 | Create | Villager (Male) |
| 3:23 | Create | Villager (Male) |
| 3:23 | Create | Villager (Male) |
| 4:14 | Create | Villager (Male) |
| 4:14 | Create | Villager (Male) |
| 4:16 | Research | Loom |
| 4:42 | Create | Fishing Ship |
| 5:32 | Create | Fishing Ship |
| 5:59 | Create | Fishing Ship |
| 6:09 | Build | House |
| 6:31 | Create | Fishing Ship |
| 6:37 | Create | Villager (Male) |
| 7:06 | Create | Fishing Ship |
| 7:31 | Create | Villager (Male) |
| 7:31 | Create | Villager (Male) |
| 7:40 | Create | Fishing Ship |
| 8:13 | Create | Villager (Male) |
| 8:14 | Create | Villager (Male) |
| 8:14 | Create | Villager (Male) |
| 8:27 | Build | House |
| 8:30 | Build | Palisade Gate |
| 8:39 | Create | Villager (Male) |
| 8:39 | Create | Villager (Male) |
| 8:59 | Create | Fishing Ship |
| 9:06 | Create | Villager (Male) |
| 9:06 | Create | Villager (Male) |
| 9:06 | Create | Villager (Male) |
| 9:06 | Create | Villager (Male) |
| 9:45 | Build | Palisade Wall |
| 9:53 | Create | Villager (Male) |
| 10:14 | Build | House |
| 10:19 | Create | Fishing Ship |
| 10:58 | Create | Villager (Male) |
| 11:40 | Build | Mining Camp |
| 11:52 | Build | Palisade Wall |
| 12:00 | Build | Barracks |
| 12:38 | Research | Feudal Age |
| 12:45 | Build | House |
| 13:20 | Build | Palisade Gate |
| 13:25 | Build | Palisade Wall |
| 13:52 | Build | Lumber Camp |
| 14:25 | Build | Palisade Wall |
| 14:48 | Age | Feudal Age |
| 14:53 | Create | Villager (Male) |
| 15:08 | Build | Blacksmith |
| 15:47 | Build | Mill |
| 15:57 | Create | Villager (Male) |
| 15:57 | Create | Villager (Male) |
| 16:11 | Build | House |
| 16:18 | Build | Palisade Wall |
| 16:21 | Build | Palisade Wall |
| 16:29 | Build | Farm |
| 16:29 | Build | Farm |
| 16:29 | Build | Farm |
| 16:35 | Build | Palisade Gate |
| 16:44 | Build | Palisade Wall |
| 17:08 | Create | Villager (Male) |
| 17:14 | Build | Lumber Camp |
| 17:54 | Create | Villager (Male) |
| 18:00 | Build | Farm |
| 18:31 | Build | Farm |
| 19:03 | Create | Villager (Male) |
| 19:17 | Build | Market |
| 19:29 | Create | Villager (Male) |
| 20:07 | Build | House |
| 20:19 | Build | House |
| 20:27 | Build | Palisade Wall |
| 20:32 | Research | Castle Age |
| 20:37 | Build | House |
| 20:39 | Build | House |
| 21:11 | Research | Double-Bit Axe |
| 22:10 | Research | Scale Mail Armor |
| 22:11 | Research | Forging |
| 22:25 | Build | Farm |
| 22:25 | Build | Farm |
| 22:45 | Build | Farm |
| 22:45 | Build | Farm |
| 23:12 | Age | Castle Age |
| 23:20 | Create | Villager (Male) |
| 23:58 | Build | Farm |
| 24:01 | Build | Farm |
| 24:27 | Build | Town Center |
| 24:35 | Build | House |
| 24:37 | Build | House |
| 24:39 | Build | House |
| 26:10 | Research | Horse Collar |
| 27:08 | Research | Fletching |
| 28:33 | Create | Spearman |
| 28:33 | Create | Spearman |
| 28:50 | Build | Mining Camp |
| 29:58 | Create | Spearman |
| 29:58 | Create | Spearman |
| 30:45 | Build | Farm |
| 31:15 | Create | Villager (Male) |
| 31:15 | Create | Villager (Male) |
| 31:30 | Build | Farm |
| 31:31 | Build | Farm |
| 31:49 | Build | Farm |
| 31:54 | Create | Villager (Male) |
| 31:54 | Create | Villager (Male) |
| 31:54 | Create | Villager (Male) |
| 32:00 | Build | Farm |
| 32:32 | Create | Villager (Male) |
| 32:32 | Create | Villager (Male) |
| 32:36 | Create | Villager (Male) |
| 32:36 | Create | Villager (Male) |
| 32:53 | Build | Town Center |
| 33:07 | Build | House |
| 33:08 | Build | House |
| 33:58 | Build | Siege Workshop |
| 34:24 | Create | Mangonel |
| 34:24 | Create | Mangonel |
| 34:30 | Create | Villager (Male) |
| 34:31 | Create | Villager (Male) |
| 34:31 | Create | Villager (Male) |
| 34:31 | Create | Villager (Male) |
| 35:09 | Create | Villager (Male) |
| 35:10 | Create | Villager (Male) |
| 35:30 | Create | Villager (Male) |
| 35:30 | Create | Villager (Male) |
| 35:38 | Build | Farm |
| 36:18 | Build | University |
| 36:42 | Create | Villager (Male) |
| 36:42 | Create | Villager (Male) |
| 37:01 | Research | Murder Holes |
| 37:42 | Create | Mangonel |
| 37:42 | Create | Mangonel |
| 38:09 | Build | Lumber Camp |
| 38:26 | Build | Farm |
| 38:26 | Build | Farm |
| 38:27 | Build | Farm |
| 39:06 | Build | Market |
| 39:55 | Build | Castle |
| 41:01 | Create | Woad Raider |
| 41:01 | Create | Woad Raider |
| 41:01 | Create | Woad Raider |
| 41:02 | Create | Woad Raider |
| 41:57 | Build | Barracks |
| 41:59 | Build | Barracks |
| 42:01 | Build | Barracks |
| 42:47 | Research | Pikeman (upgrade) |
| 43:24 | Create | Spearman |
| 43:24 | Create | Spearman |
Build order — Vans
First 150 of 267 actions detected
| 0:09 | Build | House |
| 0:10 | Build | House |
| 1:06 | Build | Town Center |
| 3:39 | Create | Villager (Male) |
| 3:39 | Create | Villager (Male) |
| 3:40 | Create | Villager (Male) |
| 3:40 | Create | Villager (Male) |
| 5:20 | Create | Villager (Male) |
| 6:04 | Create | Villager (Male) |
| 6:05 | Research | Loom |
| 6:09 | Build | Lumber Camp |
| 6:20 | Create | Villager (Male) |
| 6:21 | Create | Villager (Male) |
| 7:34 | Create | Villager (Male) |
| 8:14 | Create | Villager (Male) |
| 9:14 | Create | Villager (Male) |
| 9:19 | Create | Villager (Male) |
| 9:24 | Create | Villager (Male) |
| 9:43 | Build | House |
| 9:48 | Build | Mill |
| 10:15 | Create | Villager (Male) |
| 10:33 | Create | Villager (Male) |
| 10:45 | Create | Villager (Male) |
| 10:50 | Build | House |
| 11:16 | Create | Villager (Male) |
| 12:03 | Create | Villager (Male) |
| 12:25 | Build | Farm |
| 12:41 | Create | Villager (Male) |
| 12:52 | Build | Farm |
| 12:55 | Create | Villager (Male) |
| 13:24 | Build | Farm |
| 13:41 | Build | Farm |
| 13:43 | Create | Villager (Male) |
| 14:10 | Build | House |
| 14:12 | Create | Villager (Male) |
| 14:30 | Create | Villager (Male) |
| 14:45 | Build | Mining Camp |
| 14:50 | Build | Barracks |
| 14:55 | Research | Feudal Age |
| 15:49 | Build | House |
| 17:27 | Age | Feudal Age |
| 17:38 | Build | Watch Tower |
| 17:41 | Create | Militia |
| 17:42 | Create | Militia |
| 17:42 | Create | Militia |
| 17:43 | Create | Militia |
| 17:43 | Create | Militia |
| 18:23 | Build | Stable |
| 18:26 | Create | Villager (Male) |
| 18:26 | Create | Villager (Male) |
| 18:28 | Create | Villager (Male) |
| 18:41 | Create | Villager (Male) |
| 18:52 | Build | Stable |
| 19:20 | Build | Farm |
| 19:31 | Build | Farm |
| 19:36 | Create | Scout Cavalry |
| 19:36 | Create | Scout Cavalry |
| 19:37 | Create | Scout Cavalry |
| 19:37 | Create | Scout Cavalry |
| 19:59 | Build | Farm |
| 20:02 | Create | Villager (Male) |
| 20:18 | Build | Farm |
| 21:03 | Create | Villager (Male) |
| 21:14 | Build | House |
| 21:39 | Create | Villager (Male) |
| 21:39 | Create | Villager (Male) |
| 22:07 | Create | Villager (Male) |
| 22:33 | Create | Scout Cavalry |
| 23:12 | Build | Farm |
| 23:16 | Build | Farm |
| 23:20 | Build | Farm |
| 23:27 | Create | Villager (Male) |
| 23:50 | Build | Farm |
| 23:55 | Create | Villager (Male) |
| 24:01 | Create | Villager (Male) |
| 24:06 | Build | House |
| 24:26 | Build | Farm |
| 24:32 | Build | Farm |
| 25:29 | Create | Villager (Male) |
| 25:32 | Build | Market |
| 25:46 | Build | Farm |
| 25:50 | Create | Villager (Male) |
| 25:56 | Create | Scout Cavalry |
| 25:56 | Create | Scout Cavalry |
| 25:56 | Create | Scout Cavalry |
| 25:57 | Create | Scout Cavalry |
| 25:57 | Create | Scout Cavalry |
| 25:57 | Create | Scout Cavalry |
| 26:17 | Build | House |
| 26:23 | Build | Farm |
| 26:28 | Create | Villager (Male) |
| 26:28 | Create | Villager (Male) |
| 27:04 | Build | Blacksmith |
| 27:10 | Build | House |
| 27:27 | Build | Farm |
| 27:32 | Create | Villager (Male) |
| 27:43 | Research | Scale Barding Armor |
| 27:44 | Research | Forging |
| 28:05 | Build | House |
| 28:18 | Build | Mining Camp |
| 28:22 | Create | Villager (Male) |
| 28:23 | Create | Villager (Male) |
| 28:26 | Create | Villager (Male) |
| 29:03 | Build | House |
| 29:04 | Build | House |
| 29:10 | Research | Wheelbarrow |
| 30:16 | Build | House |
| 30:20 | Build | Farm |
| 30:21 | Build | Farm |
| 30:26 | Create | Villager (Male) |
| 30:37 | Build | Lumber Camp |
| 31:34 | Build | House |
| 31:35 | Build | House |
| 31:52 | Build | House |
| 32:00 | Research | Castle Age |
| 32:45 | Build | Stable |
| 32:53 | Build | House |
| 32:56 | Build | House |
| 33:02 | Research | Double-Bit Axe |
| 33:33 | Build | Mining Camp |
| 33:42 | Create | Villager (Male) |
| 33:43 | Create | Villager (Male) |
| 33:43 | Create | Villager (Male) |
| 33:43 | Create | Villager (Male) |
| 33:44 | Create | Villager (Male) |
| 33:52 | Create | Villager (Male) |
| 34:15 | Research | Gold Mining |
| 34:40 | Age | Castle Age |
| 35:05 | Research | Husbandry |
| 36:05 | Research | Iron Casting |
| 36:26 | Research | Horse Collar |
| 36:58 | Create | Knight ×2 |
| 37:24 | Create | Villager (Male) |
| 37:34 | Create | Knight |
| 37:35 | Create | Knight |
| 37:52 | Create | Villager (Male) |
| 38:01 | Create | Villager (Male) |
| 38:02 | Create | Villager (Male) |
| 38:02 | Create | Villager (Male) |
| 38:04 | Create | Villager (Male) |
| 38:05 | Research | Hand Cart |
| 38:26 | Create | Knight |
| 38:26 | Create | Knight |
| 38:54 | Build | Mining Camp |
| 39:05 | Create | Knight |
| 39:05 | Create | Knight |
| 39:39 | Create | Knight |
| 39:40 | Create | Knight |
| 40:12 | Build | Mining Camp |
| 40:23 | Build | Town Center |
Build order — Alato
146 actions detected in the replay
| 1:25 | Build | Town Center |
| 3:50 | Create | Villager (Male) ×4 |
| 4:49 | Build | House |
| 4:53 | Build | House |
| 4:57 | Build | Palisade Wall |
| 5:05 | Research | Loom |
| 5:05 | Create | Villager (Male) ×2 |
| 5:52 | Create | Villager (Male) |
| 5:52 | Create | Villager (Male) |
| 5:52 | Create | Villager (Male) |
| 6:30 | Create | Villager (Male) |
| 7:09 | Create | Villager (Male) |
| 7:10 | Create | Villager (Male) |
| 7:22 | Build | House |
| 7:23 | Build | House |
| 7:42 | Create | Villager (Male) |
| 7:47 | Build | Palisade Wall |
| 7:52 | Build | Palisade Wall |
| 9:12 | Create | Villager (Male) |
| 9:29 | Create | Villager (Male) |
| 10:03 | Create | Villager (Male) |
| 10:18 | Build | Barracks |
| 10:30 | Create | Villager (Male) |
| 10:41 | Create | Villager (Male) |
| 11:14 | Build | Mill |
| 11:21 | Create | Villager (Male) |
| 11:48 | Create | Villager (Male) |
| 11:57 | Build | House |
| 12:38 | Research | Feudal Age |
| 12:46 | Build | Mining Camp |
| 13:44 | Create | Villager (Male) |
| 13:44 | Create | Villager (Male) |
| 14:48 | Age | Feudal Age |
| 15:02 | Create | Militia |
| 15:42 | Build | Archery Range |
| 15:49 | Build | Archery Range |
| 15:56 | Build | Blacksmith |
| 16:03 | Create | Villager (Male) |
| 16:06 | Create | Villager (Male) |
| 16:51 | Research | Castle Age |
| 17:21 | Research | Fletching |
| 17:32 | Build | House |
| 17:33 | Build | House |
| 18:03 | Research | Padded Archer Armor |
| 18:42 | Research | Town Watch |
| 18:51 | Create | Villager (Male) |
| 19:33 | Age | Castle Age |
| 19:36 | Build | Siege Workshop |
| 19:40 | Create | Cavalry Archer ×5 |
| 20:03 | Build | Farm |
| 20:04 | Build | Farm |
| 20:04 | Build | Farm |
| 20:04 | Build | Farm |
| 20:04 | Build | Farm |
| 20:04 | Build | Farm |
| 20:26 | Create | Mangonel |
| 20:59 | Create | Cavalry Archer |
| 21:46 | Create | Mangonel |
| 21:51 | Create | Villager (Male) |
| 21:56 | Build | Monastery |
| 22:12 | Build | Lumber Camp |
| 22:22 | Build | Market |
| 22:24 | Build | Lumber Camp |
| 23:27 | Create | Monk |
| 23:30 | Create | Cavalry Archer ×2 |
| 24:27 | Create | Villager (Male) ×5 |
| 24:37 | Build | Mining Camp |
| 24:45 | Create | Cavalry Archer |
| 24:46 | Create | Cavalry Archer |
| 25:08 | Build | House |
| 25:09 | Build | House |
| 25:12 | Build | Lumber Camp |
| 25:16 | Create | Cavalry Archer |
| 25:56 | Create | Villager (Male) ×4 |
| 26:33 | Create | Cavalry Archer ×2 |
| 26:34 | Create | Villager (Male) |
| 26:42 | Build | House |
| 26:44 | Build | House |
| 26:47 | Build | Archery Range |
| 26:55 | Create | Cavalry Archer |
| 27:04 | Create | Mangonel |
| 27:47 | Create | Cavalry Archer ×2 |
| 27:52 | Create | Villager (Male) ×3 |
| 27:57 | Build | Lumber Camp |
| 28:27 | Create | Mangonel |
| 28:30 | Build | House |
| 28:33 | Create | Villager (Male) |
| 29:12 | Create | Cavalry Archer |
| 29:17 | Create | Villager (Male) |
| 29:23 | Build | Mining Camp |
| 30:02 | Build | Farm |
| 30:03 | Build | Farm |
| 30:51 | Create | Cavalry Archer ×5 |
| 30:51 | Create | Cavalry Archer ×5 |
| 31:37 | Build | Lumber Camp |
| 32:00 | Build | Siege Workshop |
| 32:31 | Create | Cavalry Archer |
| 32:33 | Create | Villager (Male) ×5 |
| 33:23 | Build | Farm |
| 33:31 | Build | House |
| 33:32 | Build | House |
| 33:32 | Build | House |
| 33:33 | Build | House |
| 33:39 | Create | Cavalry Archer ×3 |
| 35:23 | Create | Cavalry Archer |
| 35:27 | Build | Farm |
| 35:29 | Build | Farm |
| 35:32 | Build | Farm |
| 35:44 | Research | Bodkin Arrow |
| 35:44 | Research | Leather Archer Armor |
| 36:24 | Create | Cavalry Archer |
| 36:33 | Build | Farm |
| 36:34 | Build | Farm |
| 36:45 | Build | House |
| 36:45 | Build | House |
| 36:46 | Build | House |
| 36:50 | Create | Cavalry Archer ×3 |
| 37:54 | Create | Villager (Male) ×5 |
| 38:07 | Create | Cavalry Archer |
| 39:17 | Build | Farm |
| 39:46 | Build | House |
| 40:43 | Build | Mining Camp |
| 41:07 | Build | House |
| 41:08 | Build | House |
| 41:09 | Build | House |
| 41:52 | Build | University |
| 41:59 | Build | Lumber Camp |
| 42:36 | Research | Imperial Age |
| 44:01 | Research | Wheelbarrow |
| 44:47 | Create | Battering Ram |
| 44:58 | Create | Cavalry Archer ×4 |
| 45:46 | Age | Imperial Age |
| 46:10 | Build | Siege Workshop |
| 46:50 | Research | Chemistry |
| 47:08 | Build | Lumber Camp |
| 48:30 | Create | Bombard Cannon |
| 48:51 | Research | Ballistics |
| 49:17 | Research | Hand Cart |
| 49:30 | Build | Market |
| 52:11 | Create | Trade Cart ×3 |
| 52:37 | Create | Bombard Cannon |
| 52:57 | Build | Lumber Camp |
| 54:07 | Research | Bracer |
| 55:25 | Build | Lumber Camp |
| 56:08 | Create | Bombard Cannon |
| 56:26 | Create | Cavalry Archer |
Build order — [FCH] Hothir
First 150 of 299 actions detected
| 0:38 | Build | Town Center |
| 2:45 | Create | Villager (Male) |
| 2:46 | Create | Villager (Male) |
| 2:46 | Create | Villager (Male) |
| 2:46 | Create | Villager (Male) |
| 2:46 | Create | Villager (Male) |
| 2:51 | Build | Dock |
| 2:53 | Build | House |
| 4:17 | Create | Villager (Male) |
| 4:17 | Create | Villager (Male) |
| 4:35 | Research | Loom |
| 4:42 | Build | House |
| 5:00 | Create | Villager (Male) |
| 5:00 | Create | Villager (Male) |
| 5:01 | Create | Villager (Male) |
| 5:42 | Create | Villager (Male) |
| 5:42 | Create | Villager (Male) |
| 5:42 | Create | Villager (Male) |
| 6:24 | Create | Villager (Male) |
| 6:24 | Create | Villager (Male) |
| 6:31 | Create | Fishing Ship |
| 7:31 | Create | Fishing Ship |
| 7:32 | Create | Villager (Male) |
| 7:33 | Create | Villager (Male) |
| 7:36 | Build | House |
| 7:37 | Build | House |
| 8:31 | Create | Villager (Male) |
| 8:33 | Create | Fishing Ship |
| 8:37 | Build | House |
| 9:15 | Build | House |
| 9:19 | Create | Villager (Male) |
| 9:30 | Create | Fishing Ship |
| 9:47 | Create | Villager (Male) |
| 10:13 | Create | Villager (Male) |
| 10:14 | Create | Villager (Male) |
| 10:46 | Build | Dock |
| 11:24 | Create | Villager (Male) |
| 11:24 | Create | Villager (Male) |
| 11:39 | Build | Mill |
| 12:08 | Create | Villager (Male) |
| 12:09 | Create | Villager (Male) |
| 12:27 | Research | Feudal Age |
| 12:34 | Build | Mining Camp |
| 12:53 | Build | House |
| 12:59 | Create | Fishing Ship |
| 13:21 | Create | Fishing Ship |
| 15:08 | Build | Palisade Wall |
| 15:10 | Build | Palisade Wall |
| 15:14 | Age | Feudal Age |
| 15:15 | Build | Palisade Wall |
| 15:26 | Build | Blacksmith |
| 15:31 | Build | Market |
| 15:51 | Build | Watch Tower |
| 15:59 | Create | Villager (Male) |
| 16:00 | Create | Villager (Male) |
| 16:24 | Build | House |
| 16:25 | Build | Palisade Wall |
| 16:28 | Build | Palisade Wall |
| 16:29 | Build | Palisade Wall |
| 16:31 | Build | Palisade Wall |
| 16:34 | Build | Palisade Wall |
| 16:36 | Build | House |
| 16:50 | Build | House |
| 17:01 | Build | Palisade Wall |
| 17:18 | Build | House |
| 17:30 | Research | Castle Age |
| 17:53 | Build | Palisade Wall |
| 17:59 | Build | Palisade Wall |
| 18:05 | Build | Palisade Wall |
| 18:23 | Create | Fire Galley |
| 18:23 | Create | Fire Galley |
| 18:32 | Build | Barracks |
| 20:10 | Age | Castle Age |
| 20:23 | Build | Stable |
| 21:04 | Build | Town Center |
| 21:19 | Create | Unit 1944 |
| 21:20 | Create | Unit 1944 |
| 21:20 | Create | Unit 1944 |
| 21:20 | Create | Unit 1944 |
| 21:32 | Create | Trade Cog |
| 21:32 | Create | Trade Cog |
| 21:53 | Build | Archery Range |
| 21:56 | Create | Villager (Male) |
| 21:57 | Create | Villager (Male) |
| 21:57 | Create | Villager (Male) |
| 21:57 | Create | Villager (Male) |
| 23:32 | Create | Skirmisher |
| 23:36 | Create | Villager (Male) |
| 23:37 | Create | Villager (Male) |
| 23:37 | Create | Villager (Male) |
| 23:37 | Create | Villager (Male) |
| 23:38 | Create | Villager (Male) |
| 24:31 | Build | Stone Wall |
| 24:38 | Create | Villager (Male) |
| 24:39 | Create | Villager (Male) |
| 24:39 | Create | Villager (Male) |
| 24:39 | Create | Villager (Male) |
| 24:41 | Create | Villager (Male) |
| 24:42 | Create | Villager (Male) |
| 24:42 | Create | Villager (Male) |
| 24:54 | Build | Dock |
| 25:04 | Build | Stone Wall |
| 25:10 | Create | Trade Cog |
| 25:47 | Research | Husbandry |
| 25:48 | Research | Light Cavalry (upgrade) |
| 25:59 | Create | Trade Cog |
| 26:00 | Create | Trade Cog |
| 27:26 | Create | Villager (Male) |
| 27:26 | Create | Villager (Male) |
| 27:27 | Create | Villager (Male) |
| 27:37 | Build | Town Center |
| 27:46 | Create | Trade Cog |
| 28:30 | Create | Unit 1944 |
| 28:59 | Build | Archery Range |
| 29:36 | Build | Stone Wall |
| 29:54 | Research | Elite Skirmisher (upgrade) |
| 29:54 | Create | Skirmisher ×5 |
| 29:55 | Create | Skirmisher ×5 |
| 30:36 | Create | Skirmisher |
| 30:36 | Create | Skirmisher |
| 30:36 | Create | Skirmisher |
| 30:37 | Create | Skirmisher |
| 30:37 | Create | Skirmisher |
| 30:37 | Create | Skirmisher |
| 30:40 | Build | House |
| 30:59 | Build | House |
| 30:59 | Build | House |
| 31:11 | Create | Demolition Raft |
| 31:12 | Create | Demolition Raft |
| 31:15 | Create | Fishing Ship |
| 31:15 | Create | Fishing Ship |
| 32:00 | Build | Palisade Wall |
| 32:13 | Create | Skirmisher |
| 32:13 | Create | Skirmisher |
| 32:14 | Create | Skirmisher |
| 32:14 | Create | Skirmisher |
| 32:14 | Create | Skirmisher |
| 32:14 | Create | Skirmisher |
| 32:22 | Build | Palisade Wall |
| 32:27 | Build | Palisade Wall |
| 32:33 | Build | Gate |
| 33:41 | Build | Town Center |
| 34:36 | Create | Skirmisher |
| 34:36 | Create | Skirmisher |
| 34:49 | Create | Villager (Male) |
| 34:50 | Create | Villager (Male) |
| 34:50 | Create | Villager (Male) |
| 34:50 | Create | Villager (Male) |
| 36:08 | Build | Siege Workshop |
| 36:22 | Create | Villager (Male) |
Match timeline
| 0:14 | Calimehtar · first_building Dock |
| 2:21 | Sir Loinsteak · first_building Dock |
| 2:51 | [FCH] Hothir · first_building Dock |
| 4:57 | Alato · wall_segment Palisade Wall x5 |
| 7:47 | Alato · wall_segment Palisade Wall x1 |
| 7:52 | Alato · wall_segment Palisade Wall x4 |
| 8:45 | Sir Loinsteak · first_building Barracks |
| 9:45 | Calimehtar · wall_segment Palisade Wall x7 |
| 10:18 | Alato · first_building Barracks |
| 11:08 | mdv.- · first_building Dock |
| 11:52 | Calimehtar · wall_segment Palisade Wall x4 |
| 12:00 | Calimehtar · first_building Barracks |
| 13:25 | Calimehtar · wall_segment Palisade Wall x2 |
| 14:25 | Calimehtar · wall_segment Palisade Wall x7 |
| 14:26 | mdv.- · first_building Barracks |
| 14:48 | Calimehtar · age_up feudal |
| 14:48 | Alato · age_up feudal |
| 14:50 | Vans · first_building Barracks |
| 15:08 | [FCH] Hothir · wall_segment Palisade Wall x1 |
| 15:10 | [FCH] Hothir · wall_segment Palisade Wall x1 |
| 15:14 | [FCH] Hothir · age_up feudal |
| 15:15 | [FCH] Hothir · wall_segment Palisade Wall x1 |
| 15:30 | mdv.- · wall_segment Palisade Wall x1 |
| 15:42 | Alato · first_building Archery Range |
| 16:03 | Sir Loinsteak · age_up feudal |
| 16:15 | Sir Loinsteak · first_building Archery Range |
| 16:17 | mdv.- · age_up feudal |
| 16:18 | Calimehtar · wall_segment Palisade Wall x4 |
| 16:21 | Calimehtar · wall_segment Palisade Wall x5 |
| 16:25 | [FCH] Hothir · wall_segment Palisade Wall x1 |
| 16:28 | [FCH] Hothir · wall_segment Palisade Wall x1 |
| 16:29 | [FCH] Hothir · wall_segment Palisade Wall x1 |
| 16:31 | [FCH] Hothir · wall_segment Palisade Wall x1 |
| 16:34 | [FCH] Hothir · wall_segment Palisade Wall x1 |
| 16:44 | Calimehtar · wall_segment Palisade Wall x5 |
| 17:01 | [FCH] Hothir · wall_segment Palisade Wall x1 |
| 17:27 | Vans · age_up feudal |
| 17:39 | mdv.- · first_building Stable |
| 17:53 | [FCH] Hothir · wall_segment Palisade Wall x1 |
| 17:59 | [FCH] Hothir · wall_segment Palisade Wall x1 |
| 18:05 | [FCH] Hothir · wall_segment Palisade Wall x1 |
| 18:05 | Sir Loinsteak · first_market_sell 100 food |
| 18:23 | Vans · first_building Stable |
| 18:28 | mdv.- · wall_segment Stone Wall x8 |
| 18:32 | [FCH] Hothir · first_building Barracks |
| 19:33 | Alato · age_up castle |
| 19:36 | Alato · first_building Siege Workshop |
| 20:03 | mdv.- · wall_segment Stone Wall x6 |
| 20:10 | [FCH] Hothir · age_up castle |
| 20:23 | [FCH] Hothir · first_building Stable |
| 20:27 | Calimehtar · wall_segment Palisade Wall x1 |
| 20:38 | [FCH] Hothir · first_market_buy 100 stone |
| 20:39 | [FCH] Hothir · first_market_sell 100 wood |
| 20:47 | Sir Loinsteak · age_up castle |
| 21:24 | mdv.- · first_market_sell 100 wood |
| 21:47 | mdv.- · wall_segment Stone Wall x1 |
| 21:48 | mdv.- · wall_segment Stone Wall x1 |
| 21:53 | [FCH] Hothir · first_building Archery Range |
| 21:56 | Alato · first_building Monastery |
| 23:12 | Calimehtar · age_up castle |
| 23:26 | Alato · first_market_sell 500 stone |
| 24:31 | [FCH] Hothir · wall_segment Stone Wall x2 |
| 24:38 | Sir Loinsteak · first_building Siege Workshop |
| 24:45 | Sir Loinsteak · first_building Monastery |
| 25:04 | [FCH] Hothir · wall_segment Stone Wall x1 |
| 25:58 | mdv.- · age_up castle |
| 26:08 | Vans · first_market_sell 100 wood |
| 26:14 | mdv.- · first_market_buy 100 stone |
| 26:22 | mdv.- · first_building Castle |
| 27:09 | Sir Loinsteak · first_building Castle |
| 28:35 | Sir Loinsteak · first_market_buy 100 stone |
| 28:48 | mdv.- · first_building Siege Workshop |
| 29:36 | [FCH] Hothir · wall_segment Stone Wall x1 |
| 31:18 | Calimehtar · first_market_sell 100 food |
| 32:00 | [FCH] Hothir · wall_segment Palisade Wall x3 |
| 32:22 | [FCH] Hothir · wall_segment Palisade Wall x1 |
| 32:27 | [FCH] Hothir · wall_segment Palisade Wall x1 |
| 33:58 | Calimehtar · first_building Siege Workshop |
| 34:40 | Vans · age_up castle |
| 35:40 | mdv.- · wall_segment Stone Wall x7 |
| 35:42 | mdv.- · wall_segment Stone Wall x8 |
| 36:08 | [FCH] Hothir · first_building Siege Workshop |
| 38:17 | [FCH] Hothir · first_building Castle |
| 39:38 | Calimehtar · first_market_buy 100 stone |
| 39:55 | Calimehtar · first_building Castle |
| 40:43 | mdv.- · wall_segment Stone Wall x1 |
| 40:50 | mdv.- · first_building Monastery |
| 42:19 | mdv.- · wall_segment Stone Wall x5 |
| 42:37 | Vans · first_building Siege Workshop |
| 45:46 | Alato · age_up imperial |
| 46:46 | Alato · first_market_buy 100 food |
| 47:10 | Vans · first_market_buy 100 stone |
| 47:21 | Vans · first_building Castle |
| 47:42 | Sir Loinsteak · age_up imperial |
| 50:10 | mdv.- · age_up imperial |
| 51:16 | mdv.- · wall_segment Stone Wall x2 |
| 51:17 | Calimehtar · resign |
| 51:21 | mdv.- · wall_segment Stone Wall x2 |
| 54:35 | mdv.- · first_building Archery Range |
[ AI ANALYSIS · 1 CREDIT ]
What really happened in this match?
Wolo.gg analyzes every decision: build order, eco, micro, common mistakes by bracket. Personalized analysis on WhatsApp or Discord in 30 seconds.
Civ guide
Inca
Map guide
MegaRandom
Perfil
Jugador #311937